AoeStats
← Paulinho19

Hideout

508217697Analyzed
1v1 RM · 12d ago on Sep 21, 2026· 47m 20s· 2 players
Game mode
Random Map
Map size
Tiny (2 player)
Population
200
Speed
Normal
Resources
Standard
Victory
Conquest
Starting age
Dark Age
Ending age
Imperial Age
RankedLock teamsTeams togetherTeam positionsShared explorationLock speedFull tech treeHidden civsTurbo modeCheats
Victory
Defeat
🇷🇴 Vikings · Romania
979
+14
🇺🇦 Byzantines · Ukraine
946
-14
KO3AK_UA
3:30 Loom
11:19 Feudal Age
15:43 Castle Age
13:55 Double-Bit Axe
14:58 Horse Collar
15:59 Gold Mining
16:37 Bow Saw
24:22 Heavy Plow
25:05 Wheelbarrow
28:06 Crossbowman
34:43 Imperial Age
32:31 Thumb Ring
35:25 Hand Cart
36:28 Arbalester
38:57 Fletching
44:08 Chemistry
44:58 Bodkin Arrow
46:56 Two-Man Saw
46:31 Crop Rotation
47:35 Conscription
Paulinho19
0:33 Loom
12:17 Feudal Age
12:51 Double-Bit Axe
12:48 Horse Collar
18:48 Castle Age
18:13 Town Watch
18:25 Stone Mining
18:29 Gold Mining
20:31 Bow Saw
20:29 Heavy Plow
20:05 Pikeman
22:35 Squires
25:02 Murder Holes
26:50 Ballistics
26:11 Treadmill Crane
26:45 Masonry
31:25 Forging
31:21 Scale Barding Armor
31:18 Scale Mail Armor
31:49 Town Patrol
32:24 Crossbowman
32:27 Elite Skirmisher
35:33 Chieftains
43:07 Imperial Age
40:52 Arson
40:55 Gambesons
40:32 Man-at-Arms
41:50 Iron Casting
42:57 Chain Mail Armor
42:32 Fletching
42:43 Padded Archer Armor
42:49 Scale Barding Armor
42:57 Guard Tower
43:18 Fortified Wall
42:54 Long Swordsman
43:13 Capped Ram
45:07 Two-Handed Swordsman
47:33 Hoardings
Connection lost

Rejoining the realm…

Still unreachable

The connection could not be restored.

Session expired

The server has moved on; the page needs a fresh start.